 Dungeon Sprint DCSS version 0.17-a0-1927-g319369b (webtiles) character file.

7255 Kusio the Brawler (level 10, -5/111 HPs)
             Began as a Troll Monk on Sept 28, 2015.
             Was the Champion of Okawaru.
             Slain by an orc warrior
             ... wielding a +0 halberd
              (12 damage)
             ... while paralysed by an orc sorcerer
             ... in the Dungeon (Sprint IX: "|||||||||||||||||||||||||||||").
             The game lasted 00:07:33 (1166 turns).

Kusio the Brawler (Troll Monk)                      Turns: 1166, Time: 00:07:33

Health: -5/111     AC: 11    Str: 21    XL:     10   Next: 88%
Magic:  9/9        EV:  1    Int:  6    God:    Okawaru [******]
Gold:   112        SH:  0    Dex: 15    Spells: 0 memorised, 9 levels left

rFire  . . .     SeeInvis .       - Unarmed
rCold  . . .     Clarity  .     a - +0 robe
rNeg   . . .     SustAt   .     (no shield)
rPois  .         Gourm    +     (helmet restricted)
rElec  .         Spirit   .     t - +1 cloak {MR+}
rCorr  .         Warding  .     (gloves unavailable)
rMut   .         NoTele   +     (boots unavailable)
MR     +....                    (no amulet)
Stlth  ++........               n - +2 ring of protection
                                m - +2 ring of protection

@: paralysed, somewhat resistant to hostile enchantments, unstealthy
A: unfitting armour, claws 3, fast metabolism 3, gourmand, regeneration 2,
shaggy fur 1, tough skin 2
a: Heroism, Finesse, Renounce Religion


You were in the Dungeon.
You worshipped Okawaru.
Okawaru was exalted by your worship.
You were full.

You visited 1 branch You collected 112 gold pieces.

Inventory:

Hand weapons
 s - a +2 triple crossbow of velocity
Missiles
 u - 17 poisoned needles
Armour
 a - a +0 robe (worn)
 t - a +1 cloak of magic resistance (worn)
Jewellery
 m - a +2 ring of protection (left claw)
 n - a +2 ring of protection (right claw)
Magical devices
 l - a wand of cold (0)
Scrolls
 h - 2 scrolls of blinking
 j - 5 scrolls of remove curse
 k - 2 scrolls of amnesia
 p - 2 scrolls of enchant armour
 q - 2 scrolls of enchant weapon
 r - a scroll of fog
Potions
 c - 6 potions of curing
 d - 6 potions of heal wounds
 e - a potion of agility
 f - 4 potions of magic
 g - a potion of brilliance
 i - a potion of invisibility
Books
 o - a book of Burglary

   Spells                             Type                      Level
   a - Swiftness                      Charms/Air                   2
   b - Passwall                       Transmutation/Earth          3
   c - Passage of Golubria            Translocation                4
   d - Lee's Rapid Deconstruction     Earth                        5
   e - Darkness                       Hexes                        6
   f - Invisibility                   Hexes                        6
Comestibles
 b - 14 bread rations
 v - 40 fruits
 w - 12 meat rations


   Skills:
 + Level 10.4 Fighting
 + Level 10.4 Dodging
 - Level 1.1 Stealth
 + Level 19.2 Unarmed Combat
 + Level 0.5 Invocations


You had 9 spell levels left.
You didn't know any spells.

Dungeon Overview and Level Annotations

Branches:
Dungeon (1/1)

Altars:
Cheibriados
Dithmenos
Elyvilon
Fedhas
Gozag
Kikubaaqudgha
Makhleb
Nemelex Xobeh
Okawaru
Qazlal
Ru
Sif Muna
Trog
Vehumet
Xom
Yredelemnul
Zin
The Shining One
Beogh
Jiyva
Lugonu


Innate Abilities, Weirdness & Mutations

You are too large for most types of armour.
You have claws for hands.
Your metabolism is lightning-fast.
You like to eat raw meat.
You heal very quickly.
You are covered in fur (AC +1).
You have very tough skin (AC +2).


Message History

The orc warrior hits you from afar with a halberd!!
The orc sorcerer wildly gestures.
The orc sorcerer glows brightly for a moment.
The orc sorcerer casts a spell at you.
You suddenly lose the ability to move!
The orc sorcerer hits you but does no damage.
The orc warrior hits you from afar with a halberd!
The orc sorcerer hits you but does no damage.
The orc warrior hits you from afar with a halberd.
The orc sorcerer casts a spell at you. The bolt of fire hits you!
* * * LOW HITPOINT WARNING * * *
The orc sorcerer mumbles some strange words.
The orc sorcerer's fingertips start to glow.
The orc sorcerer hits you but does no damage.
The orc warrior hits you from afar with a halberd.
* * * LOW HITPOINT WARNING * * *
The orc sorcerer hits you but does no damage.
The orc warrior hits you from afar with a halberd!
You die...

▓.▓.▓.▓.▓_▓
▓o▓.▓.▓.▓_▓
▓o▓.▓'▓.▓_▓
▓o▓.▓.▓.▓_▓
▓o▓.▓.▓.▓_▓
▓o▓.▓.▓.▓_▓
▓o▓.▓.▓.▓_▓
▓o▓.▓.▓.▓_▓
▓@▓.▓.▓.▓_▓
▓.▓.▓.▓.▓_▓
▓.▓.▓.▓.▓_▓
▓.▓.▓.▓.▓_▓
▓.▓.▓'▓.▓_▓
▓)▓.▓.▓.▓_▓
▓)▓.▓.▓.▓_▓
▓)▓.▓.▓.▓_▓
▓)▓.▓.▓.▓'▓


You could see an orc sorcerer and 6 orc warriors.

Vanquished Creatures
  A catoblepas (D)
  2 death yaks (D)
  A hill giant (D)
  A cyclops (D)
  3 black mambas (D)
  A spiny frog (D)
  2 blink frogs (D)
  7 yaks (D)
  A deep elf mage (D)
  A basilisk (D)
  A porcupine (D)
  2 water moccasins (D)
  A mottled dragon (D)
  5 orc warriors (D)
  An ogre (D)
  4 crocodiles (D)
  A crimson imp (D)
  2 orc priests (D)
  A hound (D)
  5 orc wizards (D)
  A jelly (D)
  A worker ant (D)
  An iguana (D)
  A gnoll (D)
  2 river rats (D)
  2 shadow imps (D)
  An adder (D)
  4 orcs (D)
  A hobgoblin (D)
  A quokka (D)
  A giant cockroach (D)
  A giant gecko skeleton (D)
  A goblin (D)
  2 rats (D)
63 creatures vanquished.

Notes
Turn   | Place    | Note
--------------------------------------------------------------
     0 | D        | Kusio the Troll Monk began the quest for the Orb.
     0 | D        | Reached XP level 1. HP: 22/22 MP: 0/0
    14 | D        | Reached skill level 6 in Unarmed Combat
    14 | D        | Reached XP level 2. HP: 23/29 MP: 1/1
    39 | D        | Noticed a hound
    39 | D        | Noticed a crimson imp
    44 | D        | Killed a crimson imp
    44 | D        | Reached skill level 8 in Unarmed Combat
    44 | D        | Reached XP level 3. HP: 32/36 MP: 2/2
    53 | D        | Killed a hound
    53 | D        | Reached skill level 9 in Unarmed Combat
    53 | D        | Reached XP level 4. HP: 39/44 MP: 3/3
    58 | D        | Found a glowing silver altar of Zin.
    58 | D        | Found a glowing golden altar of the Shining One.
    58 | D        | Found an ancient bone altar of Kikubaaqudgha.
    58 | D        | Found a basalt altar of Yredelemnul.
    58 | D        | Found a shimmering altar of Xom.
    58 | D        | Found a radiant altar of Vehumet.
    59 | D        | Found an iron altar of Okawaru.
    60 | D        | Found a burning altar of Makhleb.
    61 | D        | Found a deep blue altar of Sif Muna.
    62 | D        | Found a bloodstained altar of Trog.
    63 | D        | Found a sparkling altar of Nemelex Xobeh.
    64 | D        | Found a white marble altar of Elyvilon.
    65 | D        | Found a roughly hewn altar of Beogh.
    66 | D        | Found a viscous altar of Jiyva.
    67 | D        | Found a corrupted altar of Lugonu.
    68 | D        | Found a blossoming altar of Fedhas.
    73 | D        | Found a snail-covered altar of Cheibriados.
    77 | D        | Became a worshipper of Warmaster Okawaru
    77 | D        | Acquired Okawaru's first power
    81 | D        | Found a shadowy altar of Dithmenos.
    82 | D        | Found a stormy altar of Qazlal.
    83 | D        | Found an opulent altar of Gozag.
    84 | D        | Found a sacrificial altar of Ru.
   112 | D        | Noticed a deep elf mage
   112 | D        | Noticed an orc warrior
   112 | D        | Noticed a hill giant
   112 | D        | Noticed a jelly
   127 | D        | Killed a hill giant
   127 | D        | Reached skill level 15 in Unarmed Combat
   127 | D        | Reached XP level 5. HP: 30/50 MP: 4/4
   127 | D        | Reached XP level 6. HP: 35/59 MP: 5/5
   127 | D        | Reached XP level 7. HP: 39/66 MP: 6/6
   130 | D        | Killed a deep elf mage
   132 | D        | Killed a jelly
   132 | D        | Reached skill level 16 in Unarmed Combat
   136 | D        | Killed an orc warrior
   143 | D        | Noticed a worker ant
   143 | D        | Noticed a mottled dragon
   143 | D        | Noticed a cyclops
   143 | D        | Noticed an ogre
   143 | D        | Noticed a water moccasin
   149 | D        | Killed a water moccasin
   152 | D        | Killed an ogre
   152 | D        | Reached XP level 8. HP: 75/75 MP: 7/7
   155 | D        | Killed a cyclops
   155 | D        | Acquired Okawaru's second power
   156 | D        | Killed a mottled dragon
   156 | D        | Reached skill level 5 in Fighting
   156 | D        | Reached skill level 5 in Dodging
   156 | D        | Reached skill level 17 in Unarmed Combat
   159 | D        | Killed a worker ant
   331 | D        | Noticed a crocodile
   331 | D        | Noticed a crocodile
   331 | D        | Noticed an iguana
   331 | D        | Noticed a porcupine
   332 | D        | Noticed a crocodile
   338 | D        | Killed a porcupine
   339 | D        | Noticed a blink frog
   343 | D        | Killed an iguana
   348 | D        | Killed a blink frog
   350 | D        | Killed a crocodile
   350 | D        | Reached XP level 9. HP: 34/89 MP: 8/8
   353 | D        | Killed a crocodile
   356 | D        | Killed a crocodile
   357 | D        | Noticed a black mamba
   364 | D        | Killed a black mamba
   698 | D        | Noticed a yak
   698 | D        | Noticed a black mamba
   698 | D        | Noticed a basilisk
   698 | D        | Noticed a water moccasin
   698 | D        | Noticed a blink frog
   698 | D        | Noticed a black mamba
   701 | D        | Killed a black mamba
   704 | D        | Killed a blink frog
   706 | D        | Noticed a crocodile
   706 | D        | Killed a water moccasin
   709 | D        | Noticed a spiny frog
   711 | D        | Killed a basilisk
   712 | D        | Noticed a yak
   718 | D        | Killed a black mamba
   718 | D        | Received a gift from Okawaru
   718 | D        | Reached skill level 18 in Unarmed Combat
   721 | D        | Killed a yak
   723 | D        | Killed a crocodile
   725 | D        | Killed a spiny frog
   725 | D        | Reached XP level 10. HP: 84/106 MP: 9/9
   728 | D        | Killed a yak
   762 | D        | Noticed a yak
   762 | D        | Noticed a catoblepas
   762 | D        | Noticed a yak
   762 | D        | Noticed a death yak
   762 | D        | Noticed a yak
   762 | D        | Noticed a yak
   767 | D        | Noticed a death yak
   769 | D        | Killed a yak
   772 | D        | Killed a yak
   773 | D        | Noticed a yak
   779 | D        | Killed a yak
   832 | D        | Killed a death yak
   832 | D        | Received a gift from Okawaru
   836 | D        | Killed a catoblepas
   841 | D        | Killed a death yak
   841 | D        | Reached skill level 10 in Fighting
   841 | D        | Reached skill level 10 in Dodging
   841 | D        | Reached skill level 19 in Unarmed Combat
   844 | D        | Killed a yak
   846 | D        | Killed a yak
  1082 | D        | Noticed an orc wizard
  1082 | D        | Noticed an orc wizard
  1082 | D        | Noticed an orc wizard
  1082 | D        | Noticed an orc wizard
  1082 | D        | Noticed an orc priest
  1082 | D        | Noticed an orc warrior
  1086 | D        | Killed an orc warrior
  1087 | D        | Noticed an orc warrior
  1088 | D        | Killed an orc priest
  1089 | D        | Killed an orc wizard
  1090 | D        | Noticed an orc priest
  1092 | D        | Killed an orc wizard
  1095 | D        | Noticed an orc wizard
  1095 | D        | Killed an orc wizard
  1096 | D        | Killed an orc wizard
  1105 | D        | Killed an orc warrior
  1111 | D        | Killed an orc priest
  1113 | D        | Killed an orc wizard
  1145 | D        | Noticed an orc warrior
  1145 | D        | Noticed an orc sorcerer
  1145 | D        | Noticed an orc warrior
  1145 | D        | Noticed an orc warrior
  1145 | D        | Noticed an orc warrior
  1145 | D        | Noticed an orc warrior
  1146 | D        | Killed an orc warrior
  1150 | D        | Noticed an orc warrior
  1153 | D        | Killed an orc warrior
  1154 | D        | Noticed an orc warrior
  1155 | D        | Noticed an orc warrior
  1160 | D        | Paralysed by an orc sorcerer for 7 turns
  1166 | D        | Slain by an orc warrior

Vault maps used:
D:        linesprint

Action                   |  1- 3 |  4- 6 |  7- 9 | 10-12 || total
-------------------------+-------+-------+-------+-------++-------
Melee: Unarmed           |    21 |    12 |    74 |    72 ||   179
Invok: Heroism           |       |       |       |     1 ||     1
Evoke: Wand              |       |       |       |     7 ||     7
  Use: Potion            |       |     1 |     3 |       ||     4
 Stab: Distracted        |       |     1 |       |       ||     1
  Eat: Chunk             |     5 |       |     2 |     6 ||    13
